 Dungeon Crawl Stone Soup version 0.20-a0-957-g47ad1fd (webtiles) character file.

1467 M4edhros the Cleaver (level 8, -1/63 (64) HPs)
             Began as a Minotaur Berserker on Apr 5, 2017.
             Was a Priest of Trog.
             Shot with a sling bullet by Joseph (16 damage)
             ... on level 7 of the Dungeon.
             The game lasted 00:07:14 (1695 turns).

M4edhros the Cleaver (Minotaur Berserker)           Turns: 1695, Time: 00:07:19

HP:   -1/63 (64)    AC:  6    Str: 21    XL:     8   Next: 48%
MP:   7/7           EV: 12    Int:  4    God:    Trog [***...]
Gold: 85            SH:  0    Dex: 13    Spells: 7/7 levels left

rFire    + + +     SeeInvis .   l - +1 hand axe (holy)
rCold    x . .     Gourm    .   (no shield)
rNeg     . . .     Faith    .   v - +0 leather armour "Duenut" {+Fly rF+++ rC- Regen+} (curse)
rPois    .         Spirit   .   (helmet restricted)
rElec    .         Reflect  .   m - +2 cloak
rCorr    .         Harm     .   (no gloves)
MR       +....                  (no boots)
Stlth    +.........             (no amulet)
Regen    0.6/turn               n - ring of protection from magic
MPRegen  0.1/turn               r - ring of wizardry

@: lethally poisoned (-1 -> -1), exhausted, slowed, very slow
A: retaliatory headbutt, horns 2
a: Berserk, Trog's Hand, Burn Spellbooks, Renounce Religion, Evoke Flight


You were on level 7 of the Dungeon.
You worshipped Trog.
Trog was most pleased with you.
You were not hungry.

You visited 1 branch of the dungeon, and saw 7 of its levels.

You collected 178 gold pieces.
You spent 93 gold pieces at shops.

Inventory:

Hand Weapons
 a - a +0 hand axe
 l - a +1 hand axe of holy wrath (weapon)
Armour
 b - a +0 animal skin
 k - a +0 scale mail
 m - a +2 cloak (worn)
 p - a +0 leather armour
 q - a +0 chain mail
 v - the cursed +0 leather armour "Duenut" (worn) {+Fly rF+++ rC- Regen+}
   (You found it on level 6 of the Dungeon)

   It renders you almost immune to fire.
   It makes you vulnerable to cold.
   It lets you fly.
   It increases your rate of regeneration.
   It has a curse placed upon it.
Jewellery
 n - a ring of protection from magic (left hand)
 o - an uncursed ring of ice
 r - a ring of wizardry (right hand)
Wands
 s - a wand of flame (30/48)
Scrolls
 d - a scroll of remove curse {unknown}
 e - a scroll of amnesia {unknown}
 g - 2 scrolls of fear
 j - 3 scrolls of identify {unknown}
 u - a scroll of immolation {unknown}
Potions
 t - a potion of heal wounds
Comestibles
 c - 3 bread rations
 f - 5 fruits
 h - a meat ration
 i - 2 royal jellies
 w - 4 chunks of flesh


   Skills:
 - Level 3.6 Fighting
 + Level 12.7 Axes
 - Level 2.4 Armour
 - Level 2.1 Dodging


You had 7 spell levels left.
You didn't know any spells.

Dungeon Overview and Level Annotations

Branches:
Dungeon (7/15)             Temple (0/1) D:5

Altars:
Kikubaaqudgha
Okawaru
Sif Muna
Trog
Vehumet
Wu Jian
Zin

Shops:
D:4 *   D:7 !

Annotations:
D:5 1 runed door
D:7 Joseph


Innate Abilities, Weirdness & Mutations

You reflexively headbutt those who attack you in melee.
You have a pair of horns on your head.


Message History

Found a robe.
Eat one of 5 chunks of flesh? (ye/n/q)
You eat one of the 5 chunks of flesh.
This raw flesh tastes terrible.
You feel sick.
You feel sick.
You feel sick.
You feel sick.
You feel your health improve.
You feel sick.
There is a stone staircase leading up here.
A black bear comes into view.
The black bear growls angrily.
A crimson imp comes into view.
Joseph, a Mercenary comes into view.
He is wielding a quarterstaff.
You feel sick.
The crimson imp shouts!
Joseph unwields an uncursed quarterstaff.
Joseph wields a hunting sling.
Joseph shoots a sling bullet.
The sling bullet hits you!
You die...

.... .... ....# #+
##+##### ....#
..##......# .....#
..........##.....#
..................
.........@..h....
##......[......)
#.....<.##.....#
#.......# .....#
##......# @∩5..
#.......# .....
#.......# ....
##.>....+ ...#
##......#


You could see Joseph, a black bear and a crimson imp.

Vanquished Creatures
  The ghost of Herrn the Covered, a novice FoWn of Okawaru (D:4)
  Menkaure (D:4)
  A water moccasin (D:6)
  An orc warrior (D:6)
  Purgy (D:4)
  A necrophage (D:7)
  A centaur (D:7)
  A scorpion (D:7)
  3 orc wizards
  A hound (D:5)
  6 orc priests
  Ijyb (D:4)
  2 worker ants
  Robin (D:4)
  4 gnolls (D:5)
  4 adders
  An ooze (D:2)
  2 adder skeletons
  3 worms (D:3)
  A dart slug (D:1)
  A leopard gecko (D:3)
  10 orcs
  A ball python (D:4)
  3 bats
  2 giant cockroaches
  6 hobgoblins
  9 jackals
  5 quokkas
  2 frilled lizards
  15 goblins
  A jackal skeleton (D:4)
  5 rats
97 creatures vanquished.

Notes
Turn   | Place    | Note
-------+----------+-------------------------------------------
     0 | D:1      | M4edhros the Minotaur Berserker began the quest for the Orb.
     0 | D:1      | Reached XP level 1. HP: 19/19 MP: 0/0
    23 | D:1      | Reached skill level 4 in Axes
    36 | D:1      | Reached XP level 2. HP: 11/26 MP: 1/1
   310 | D:1      | Reached skill level 5 in Axes
   335 | D:2      | Reached ** piety under Trog
   335 | D:2      | Reached XP level 3. HP: 14/31 MP: 2/2
   535 | D:3      | Found a bloodstained altar of Trog.
   630 | D:3      | Found a glowing silver altar of Zin.
   639 | D:3      | Reached skill level 6 in Axes
   639 | D:3      | Reached XP level 4. HP: 39/39 MP: 3/3
   769 | D:4      | Reached skill level 7 in Axes
   769 | D:4      | Reached XP level 5. HP: 38/45 MP: 4/4
   771 | D:4      | Noticed Purgy
   773 | D:4      | Noticed Herrn's ghost (novice FoWn)
   774 | D:4      | Noticed Robin
   775 | D:4      | Noticed Ijyb
   783 | D:4      | Killed Purgy
   789 | D:4      | Killed Ijyb
   789 | D:4      | Reached skill level 8 in Axes
   791 | D:4      | Reached XP level 6. HP: 45/51 MP: 5/5
   813 | D:4      | Noticed Menkaure
   816 | D:4      | You fall through a shaft for 3 floors!
   915 | D:6      | Noticed an orc warrior
   928 | D:6      | Killed an orc warrior
   932 | D:6      | Reached skill level 9 in Axes
   989 | D:6      | Found an ancient bone altar of Kikubaaqudgha.
  1014 | D:5      | Entered Level 5 of the Dungeon
  1066 | D:4      | Killed Robin
  1090 | D:4      | Found an ornate altar of the Wu Jian Council.
  1102 | D:4      | Killed Herrn's ghost
  1102 | D:4      | Reached skill level 10 in Axes
  1102 | D:4      | Reached XP level 7. HP: 57/57 MP: 6/6
  1108 | D:4      | Found an iron altar of Okawaru.
  1209 | D:4      | Found Inaholas's General Store.
  1220 | D:4      | Reached *** piety under Trog
  1236 | D:4      | Bought a potion of heal wounds for 55 gold pieces
  1236 | D:4      | Bought a scroll of fear for 38 gold pieces
  1332 | D:4      | Killed Menkaure
  1332 | D:4      | Reached skill level 11 in Axes
  1339 | D:3      | Found a deep blue altar of Sif Muna.
  1352 | D:5      | Found a staircase to the Ecumenical Temple.
  1359 | D:5      | Reached XP level 8. HP: 42/64 MP: 7/7
  1413 | D:5      | Found a glowing silver altar of Zin.
  1413 | D:5      | Found a runed door.
  1413 | D:5      | Noticed an angel
  1485 | D:6      | Reached skill level 12 in Axes
  1506 | D:6      | Found a radiant altar of Vehumet.
  1539 | D:6      | Got a diamond-encrusted leather armour
  1550 | D:6      | Identified the cursed +0 leather armour "Duenut" {+Fly rF+++ rC- Regen+} (You found it on level 6 of the Dungeon)
  1695 | D:7      | Found Wagyci's Distillery.
  1695 | D:7      | Noticed Joseph
  1695 | D:7      | Shot with a sling bullet by Joseph

Vault maps used:
D:1:      shiori_shiawase
D:2:      lemuel_doored_altar, chequers_ecumenical_altar_simple, uniq_terence,
          uniq_sigmund
D:3:      nicolae_overflow_hidden_temple, lemuel_crystal_altar,
          marbit_many_paths, first_bread, amethyst_killhole
D:4:      grunt_temple_overflow_opulence, okawaru_trees_2, lemuel_crystal_altar,
          serial_shops, shop, uniq_robin, uniq_purgy, uniq_menkaure, uniq_iyjb
D:5:      grunt_dithmenos_smoke_and_mirrors,
          minmay_temple_entry_statues_fountains, corner_web_ring,
          lemuel_angel_altar, uniq_blork_the_orc
D:6:      black_bear_nest_2, kennysheep_mini, kiku_gazebo_pond_becter,
          uniq_duvessa
D:7:      serial_shops, shop, the_bakery, uniq_joseph

Skill      XL: |  1  2  3  4  5  6  7  8 |
---------------+-------------------------+-----
Axes           | 4 5 6 7 8 10 11 12 | 12.7
Fighting       | |  3.6
Armour         | |  2.4
Dodging        | |  2.1

Action                   |  1- 3 |  4- 6 |  7- 9 || total
-------------------------+-------+-------+-------++-------
Melee: Hand axe          |    73 |    80 |    85 ||   238
       Headbutt          |    11 |    17 |    17 ||    45
Invok: Berserk           |     2 |     3 |     3 ||     8
       Trog's Hand       |       |     1 |     1 ||     2
  Use: Scroll            |       |     3 |       ||     3
       Potion            |       |     2 |       ||     2
  Eat: Chunk             |       |     5 |     6 ||    11
Armor: Animal skin       |    17 |       |       ||    17
       Chain mail        |       |    42 |       ||    42
       Leather armour    |       |     1 |     3 ||     4
       Scale mail        |       |     3 |    17 ||    20
Dodge: Dodged            |    69 |    46 |    27 ||   142
